 Dungeon Crawl Stone Soup version 0.31-a0-889-g1a8549509d (webtiles) character file.

Game seed: 6914940841927168626

8057 Newt the Markskobold (level 11, -15/71 HPs)
             Began as a Kobold Hunter on Oct 16, 2023.
             Was a High Priest of Okawaru.
             Demolished by Urug
             ... wielding a +7 great sword
              (24 damage)
             ... on level 10 of the Dungeon.
             The game lasted 00:12:05 (11268 turns).

Newt the Markskobold (Kobold Hunter)               Turns: 11268, Time: 00:12:06

Health: -15/71     AC:  7    Str: 10    XL:     11   Next: 48%
Magic:  10/11      EV: 24    Int: 10    God:    Okawaru [*****.]
Gold:   450        SH:  0    Dex: 22    Spells: 10/10 levels left

rFire   + . .        v - +1 triple crossbow
rCold   + + .        (shield currently unavailable)
rNeg    . . .        A - +0 robe "Tugrunihay" {rElec}
rPois   .            I - +1 hat
rElec   +            r - scarf {rC+ rF+}
rCorr   .            q - +2 pair of gloves
SInv    +            y - +0 pair of boots
Will    .....        k - amulet of regeneration
Stlth   +++++        i - ring of see invisible
HPRegen 1.11/turn    o - ring of protection from cold
MPRegen 0.12/turn

%: no passive effects
@: heroic
A: small, no large weapons, nightstalker 3
a: Renounce Religion, Heroism, Finesse, Duel


You were on level 10 of the Dungeon.
You worshipped Okawaru.
Okawaru was extremely pleased with you.
You visited 2 branches of the dungeon, and saw 11 of its levels.
You also visited: Ossuary.

You collected 560 gold pieces.
You spent 110 gold pieces at shops.

Inventory:

Hand Weapons
 a - a +0 shortbow
 v - a +1 triple crossbow (weapon)
Missiles
 l - 3 throwing nets
Armour
 c - a +0 leather armour
 j - a +0 helmet
 q - a +2 pair of gloves (worn)
 r - a scarf of resistance (worn)
 y - a +0 pair of boots (worn)
 A - the +0 robe "Tugrunihay" (worn) {rElec}
   (You found it on level 6 of the Dungeon)

   rElec:     It insulates you from electricity.
 I - a +1 hat (worn)
Jewellery
 i - a ring of see invisible (left hand)
 k - an amulet of regeneration (around neck)
 o - a ring of protection from cold (right hand)
 L - the ring of Giron {rN+ Str+4 Int-2 Dex+6 Slay-6}
   (You found it on level 10 of the Dungeon)

   [ring of dexterity]

   Str+4:     It affects your strength (+4).
   Int-2:     It affects your intelligence (-2).
   Dex+6:     It affects your dexterity (+6).
   Slay-6:    It affects your accuracy & damage with ranged weapons and melee
   (-6).
   rN+:       It protects you from negative energy.
Talismans
 B - a beast talisman
Wands
 p - a wand of mindburst (14)
 C - a wand of roots (14)
 J - a wand of digging (8)
 M - a wand of flame (6)
Scrolls
 b - a scroll of butterflies
 m - 3 scrolls of vulnerability
 n - 3 scrolls of teleportation
 t - 2 scrolls of fear
 u - 5 scrolls of enchant armour
 D - 3 scrolls of immolation
 G - a scroll of poison
 N - a scroll of amnesia
Potions
 d - 5 potions of haste
 e - a potion of berserk rage
 f - 2 potions of ambrosia
 g - 2 potions of curing
 h - 6 potions of might
 s - a potion of resistance
 w - 2 potions of enlightenment
 x - a potion of magic {unknown}
 z - 4 potions of attraction {unknown}
 E - a potion of cancellation {unknown}
 F - a potion of degeneration {unknown}
 K - a potion of lignification {unknown}


   Skills:
 - Level 9.0(14.0) Fighting
 + Level 18.8(23.8) Ranged Weapons
 - Level 6.0(11.0) Dodging
 - Level 1.3(6.3) Stealth


You had 10 spell levels left.
You didn't know any spells.
Your spell library contained the following spells:

 Spells                   Type           Power      Damage    Failure   Level
 Necrotise                Necr           0%         1d4       36%         1
 Lesser Beckoning         Tloc           0%         N/A       50%         2
 Gell's Gravitas          Tloc           0%         N/A       75%         3
 Teleport Other           Tloc           0%         N/A       75%         3
 Vampiric Draining        Necr           0%         2d6       75%         3
 Anguish                  Hex/Necr       0%         N/A       98%         4
 Cause Fear               Hex            0%         N/A       98%         4
 Agony                    Necr           0%         N/A       100%        5
 Enfeeble                 Hex            0%         N/A       100%        7


Dungeon Overview and Level Annotations

Branches:
Dungeon (10/15)            Temple (1/1) D:4            Lair (0/5) D:8
Ossuary (visited)
    Orc: D:9-12

Altars:
Ashenzari
Cheibriados
Dithmenos
Elyvilon
Fedhas
Gozag
Hepliaklqana
Kikubaaqudgha
Makhleb
Nemelex Xobeh
Okawaru
Qazlal
Ru
Sif Muna
Uskayaw
Vehumet
Wu Jian
Xom
Yredelemnul
Zin
The Shining One

Shops:
D:1 =   D:4 (   D:6 :

Annotations:
D:4 2 transporters
D:10 Urug


Innate Abilities, Weirdness & Mutations

You are small and have problems with some larger weapons.
You are completely attuned to the shadows.


Message History

Unknown command.
You shoot a bolt. The bolt hits Urug.
Urug is heavily wounded.
Urug misses you.
You shoot a bolt. The bolt hits Urug.
Urug is heavily wounded.
Urug hits you with a +7 great sword!!
Unknown command.
You shoot a bolt. The bolt hits Urug!!
Urug is almost dead.
Urug barely misses you.
Unknown command.
Unknown command.
You shoot a bolt. The bolt closely misses Urug.
The bolt closely misses the kobold brigand.
Urug misses you.
Unknown command.
Unknown command.
You shoot a bolt. The bolt closely misses Urug.
The bolt hits the kobold brigand!
The kobold brigand is heavily wounded.
Urug zaps a wand.
The bolt of acid misses you.
Unknown command.
Unknown command.
You shoot a bolt. The bolt closely misses Urug.
The bolt closely misses the kobold brigand.
Urug hits you with a +7 great sword!!
* * * LOW HITPOINT WARNING * * *
Urug misses you.
Unknown command.
Unknown command.
Unknown command.
You feel much better. Urug hits you with a +7 great sword!!
* * * LOW HITPOINT WARNING * * *
Unknown command.
You shoot a bolt. The bolt hits Urug!
Urug is almost dead.
Urug hits you with a +7 great sword!!
You die...
Urug screams, "Revenge at last!"

#...#........#
##.#.#........#
#..#....).....#
##.###.........#
#..##..........#
##.###K#........#
.
#..##KK#KK......#
#
##.###o##........#
# #..##.@#
........# #
##.###.## .....#
### #..##..#
.)...####..
##.###.##
####.......
#..##..# #.......
###.###.##
#....###
.........# #....#
#########...#
......# ####
#+++###


You could see Urug, a kobold brigand and 2 kobolds.

Vanquished Creatures
  Pikel (D:5)
  Joseph (D:8)
  A komodo dragon (D:8)
  Prince Ribbit (D:8)
  A dream sheep (D:7)
  A vampire (D:9)
  7 yaks (D:8)
  A steam dragon (D:6)
  10 water moccasins
  2 ice beasts
  An orc warrior (D:9)
  2 sky beasts
  A black bear (D:8)
  2 hornet zombies (Ossuary)
  An ogre (D:5)
  4 centaurs
  3 lemures (D:6)
  A phantom (D:7)
  A kobold brigand (D:8)
  2 bullfrogs (D:8)
  A gnoll sergeant (D:3)
  2 scorpions
  4 water moccasin zombies (Ossuary)
  6 wights
  9 killer bees (D:7)
  An electric eel (D:8)
  5 bullfrog zombies (Ossuary)
  5 centaur zombies (Ossuary)
  4 hounds
  2 jellies
  6 orc priests
  2 gnoll boudas
  6 iguanas
  2 sleepcaps
  10 mummies (Ossuary)
  8 orc wizards
  A killer bee zombie (Ossuary)
  5 howler monkey zombies (Ossuary)
  Robin (D:2)
  12 gnolls
  6 adders
  2 shadow imps
  2 white imps
  6 ufetubi
  5 worms (D:2)
  A dart slug (D:3)
  42 orcs
  10 ball pythons
  7 endoplasms
  A giant cockroach (D:1)
  22 goblins
  15 hobgoblins
  2 jackals (D:2)
  4 quokkas
  2 bats
  2 frilled lizards
  10 kobolds
  A rat (D:2)
276 creatures vanquished.

Notes
Turn   | Place    | Note
-------+----------+-------------------------------------------
     0 | D:1      | Newt the Kobold Hunter began the quest for the Orb.
     0 | D:1      | Reached XP level 1. HP: 12/12 MP: 1/1
   139 | D:1      | Reached XP level 2. HP: 18/18 MP: 2/2
   793 | D:1      | Found Leiroh's Jewellery Boutique.
   867 | D:1      | Reached XP level 3. HP: 23/23 MP: 3/3
   914 | D:2      | Found a blossoming altar of Fedhas.
  1103 | D:2      | Reached XP level 4. HP: 30/30 MP: 4/4
  1134 | D:2      | Noticed Robin
  1375 | D:2      | Killed Robin
  1380 | D:2      | Reached skill level 5 in Fighting
  1761 | D:3      | Reached XP level 5. HP: 35/35 MP: 5/5
  1764 | D:3      | Reached skill level 6 in Ranged Weapons
  1809 | D:3      | You fall into a shaft and drop 3 floors!
  1906 | D:6      | Noticed a sky beast
  1912 | D:6      | Killed a sky beast
  1913 | D:6      | Reached skill level 7 in Ranged Weapons
  1913 | D:6      | Reached XP level 6. HP: 40/40 MP: 6/6
  2097 | D:6      | Noticed an ice beast
  2115 | D:6      | Killed an ice beast
  2116 | D:6      | Reached skill level 8 in Ranged Weapons
  2323 | D:6      | Reached XP level 7. HP: 44/44 MP: 7/7
  2330 | D:6      | Noticed a water moccasin
  2337 | D:6      | Killed a water moccasin
  2338 | D:6      | Reached skill level 9 in Ranged Weapons
  2430 | D:6      | Noticed a steam dragon
  2446 | D:6      | Killed a steam dragon
  2447 | D:6      | Reached skill level 10 in Ranged Weapons
  2589 | D:6      | Found Ikheraro's Book Shop.
  2666 | D:5      | Entered Level 5 of the Dungeon
  2681 | D:5      | Reached XP level 8. HP: 43/49 MP: 8/8
  3295 | D:4      | Reached skill level 5 in Dodging
  4646 | D:4      | Found a burning altar of Makhleb.
  4717 | D:4      | Found a transporter.
  4990 | D:4      | Found a staircase to the Ecumenical Temple.
  4998 | Temple   | Entered the Ecumenical Temple
  5026 | D:4      | Found a transporter.
  5039 | Temple   | Became a worshipper of Warmaster Okawaru
  5214 | D:4      | Found Temiang's Firing Range.
  5220 | D:4      | Bought a +0 triple crossbow for 110 gold pieces
  5689 | D:5      | Reached skill level 11 in Ranged Weapons
  5806 | D:5      | Noticed Pikel
  5809 | D:5      | Killed Pikel
  5810 | D:5      | Reached skill level 12 in Ranged Weapons
  5810 | D:5      | Reached XP level 9. HP: 54/54 MP: 9/9
  5952 | D:5      | Reached skill level 13 in Ranged Weapons
  6063 | D:5      | Found a radiant altar of Vehumet.
  6243 | D:5      | Reached * piety under Okawaru
  6334 | D:5      | Identified the +9 dagger of Invincibility {flame, rN+}
  6619 | D:5      | Reached skill level 14 in Ranged Weapons
  6938 | D:6      | Identified the +0 robe "Tugrunihay" {rElec}
  7358 | D:7      | Reached ** piety under Okawaru
  7359 | D:7      | Reached skill level 15 in Ranged Weapons
  7381 | D:7      | Reached XP level 10. HP: 58/60 MP: 10/10
  7530 | D:7      | Found a sand-covered staircase.
  7536 | Ossuary  | Entered an ossuary
  7901 | D:7      | Reached *** piety under Okawaru
  8905 | D:8      | Reached skill level 16 in Ranged Weapons
  8952 | D:8      | Noticed a komodo dragon
  8957 | D:8      | Killed a komodo dragon
  8970 | D:8      | Reached **** piety under Okawaru
  8971 | D:8      | Reached XP level 11. HP: 37/71 MP: 11/11
  9107 | D:8      | Reached skill level 17 in Ranged Weapons
  9291 | D:8      | Noticed Joseph
  9294 | D:8      | Killed Joseph
  9295 | D:8      | Reached skill level 18 in Ranged Weapons
  9396 | D:8      | Noticed Prince Ribbit
  9414 | D:8      | Killed Prince Ribbit
  9414 | D:8      | Reached ***** piety under Okawaru
  9541 | D:8      | Found a staircase to the Lair.
  9770 | D:8      | Found a hazy altar of Hepliaklqana.
  9846 | D:8      | Found a white marble altar of Elyvilon.
 10535 | D:9      | Found a sparkling altar of Nemelex Xobeh.
 10565 | D:9      | Found a shimmering blue altar of Sif Muna.
 11104 | D:10     | Entered Level 10 of the Dungeon
 11105 | D:10     | Identified the ring of Giron {rN+ Str+4 Int-2 Dex+6 Slay-6}
 11252 | D:10     | Noticed Urug
 11268 | D:10     | Demolished by Urug

Illustrated notes

Levels and vault maps discovered:
D:1:      saegor_arrival_simple_c, layout_basic, serial_shops, shop,
          serial_forest, infiniplex_forest_straight_1,
          infiniplex_forest_clump_double, infiniplex_forest_clump_small,
          infiniplex_forest_side_room, infiniplex_forest_side_room,
          infiniplex_forest_corner_1
D:2:      layout_basic, basic_altar, uniq_robin
D:3:      layout_basic, kennysheep_generic_room_7
D:4:      gammafunk_wand_slinger, layout_layer_cave, overflow_temple_1_default,
          minmay_temple_entry_overgrown, nicolae_shop_firing_range
D:5:      layout_cave_pools, kennysheep_mini, hangedman_decor_peaks_small,
          roderic_lattice_a, nicolae_hexahallways, minmay_pentangle, uniq_pikel
D:6:      layout_basic, serial_shops, shop, minmay_misc_feat_nine_boxes,
          chequers_serial_rivers_large_b
D:7:      layout_layer_cave, enter_bailey_5, nicolae_ossuary_entry_monument,
          dreamdust_gnoll_shepherd
D:8:      layout_rooms, worldfamousw_hep_ancestral_shrine,
          nicolae_elyvilon_temple_path, due_lair_maze_entry_diamond,
          st_stairs_4, uniq_joseph, uniq_prince_ribbit1
D:9:      layout_basic, mainiacjoe_overflow_catwalk_spiral
D:10:     layout_irregular_city, tgw_trog, kennysheep_donut,
          nicolae_benzene_ring, uniq_maggie, uniq_urug, uniq_erica
Temple:   minmay_freezing_vapour_temple

Skill      XL: |  1  2  3  4  5  6  7  8  9 10 11 |
---------------+----------------------------------+-----
Fighting       | 3 4 5 9 |  9.0
Ranged Weapons | 7 8 10 12 15 16 18 | 18.8
Dodging        | 4 6 |  6.0
Stealth        | |  1.3

Action                     |  1- 3 |  4- 6 |  7- 9 | 10-12 || total
---------------------------+-------+-------+-------+-------++-------
  Melee: Triple crossbow   |       |       |     7 |       ||     7
   Fire: Shortbow          |    65 |   133 |   258 |       ||   456
         Triple crossbow   |       |       |    88 |   284 ||   372
 Invoke: Heroism           |       |       |       |     1 ||     1
    Use: Scroll            |     5 |     4 |     6 |     4 ||    19
         Potion            |       |     1 |     2 |     2 ||     5
 Armour: Leather armour    |    10 |    48 |   100 |       ||   158
         Robe              |       |       |     7 |   133 ||   140
  Dodge: Dodged            |    11 |    46 |   195 |   291 ||   543

Table legend: (Time is in decaauts)
 A = Elapsed time spent in this place.
 B = Non-inter-level travel time spent in this place.
 C = Inter-level travel time spent in this place.
 D = Time resting spent in this place.
 E = Time spent auto-exploring this place.
 F = Levels seen in this place.
 G = Mean time per level.
                   A        B        C        D        E       F      G
               +--------+--------+--------+--------+--------+-----+--------+
         Total |  11545 |  11100 |    445 |   1272 |   8062 |  12 |  962.1 |
       Dungeon |  11172 |  10737 |    435 |   1272 |   7882 |  10 | 1117.2 |
        Temple |     13 |      3 |     10 |      0 |      0 |   1 |   13.0 |
       Ossuary |    359 |    359 |      0 |      0 |    180 |   1 |  359.0 |
               +--------+--------+--------+--------+--------+-----+--------+

Top non-repeatable levels by time:
     D:6: 1639 daAuts
     D:5: 1427 daAuts
     D:7: 1390 daAuts
     D:4: 1325 daAuts
     D:3: 1192 daAuts
     D:8: 1158 daAuts
     D:9: 1138 daAuts
     D:1: 920 daAuts
     D:2: 814 daAuts
 Ossuary: 359 daAuts
    D:10: 165 daAuts
  Temple: 13 daAuts
